 Dungeon Crawl Stone Soup version 0.20-a0-470-gbb038bd (webtiles) character file.

49 Klosterheim the Poker (level 3, 0/28 HPs)
             Began as a Demonspawn Warper on Jan 13, 2017.
             Slain by Sigmund
             ... wielding a +0 scythe
              (7 damage)
             ... on level 2 of the Dungeon.
             The game lasted 00:03:41 (1187 turns).

Klosterheim the Poker (Demonspawn Warper)           Turns: 1187, Time: 00:03:42

Health: 0/28       AC: 11    Str: 12    XL:     3   Next: 51%
Magic:  6/6        EV:  5    Int: 14    God:
Gold:   119        SH:  0    Dex: 12    Spells: 6/6 levels left

rFire  . . .     SeeInvis .     a - +0 spear
rCold  . . .     Gourm    .     l - +0 chain mail
rNeg   . . .     Faith    .     (no shield)
rPois  .         Spirit   .     k - +0 helmet
rElec  .         Reflect  .     (no cloak)
rCorr  .         Harm     .     (no gloves)
MR     .....                    (no boots)
Stlth  ..........               (no amulet)
                                (no ring)
                                (no ring)

@: no status effects
A: molten scales 1, rot immunity
a: no special abilities


You were on level 2 of the Dungeon.
You were not hungry.

You visited 1 branch of the dungeon, and saw 2 of its levels.

You collected 119 gold pieces.

Inventory:

Hand Weapons
 a - a +0 spear (weapon)
Missiles
 e - 5 tomahawks of dispersal (quivered)
Armour
 k - a +0 helmet (worn)
 l - a +0 chain mail (worn)
 n - a +0 buckler
Scrolls
 b - a scroll of teleportation {unknown}
 d - 2 scrolls of blinking
 g - a scroll of amnesia {unknown}
 h - a scroll of immolation {unknown}
 j - 4 scrolls of identify {unknown}
Books
 c - a book of Spatial Translocations

   Spells                             Type                      Level
   a - Blink                          Translocation                2
   b - Shroud of Golubria             Charms/Translocation         2
   c - Lesser Beckoning               Translocation                3
   d - Portal Projectile              Translocation                3
   e - Teleport Other                 Translocation                3
   f - Passage of Golubria            Translocation                4
Comestibles
 f - a bread ration
 m - a fruit


   Skills:
 + Level 2.6 Fighting
 * Level 3.2 Polearms
 - Level 0.8 Throwing
 - Level 0.8 Armour
 - Level 1.7 Dodging
 - Level 2.0 Spellcasting
   Level 2.6 Translocations


You had 6 spell levels left.
You didn't know any spells.

Dungeon Overview and Level Annotations

Branches:
Dungeon (2/15)

Altars:
Fedhas
Qazlal

Annotations:
D:2 Sigmund


Innate Abilities, Weirdness & Mutations

You are partially covered in molten scales. (AC +2)
You are immune to rotting.


Message History

Sigmund is heavily wounded.
Evoke which item? (* to show all) (? for menu, Esc to quit)
Attack whom?
Press: ? - help, Dir - move target cursor, f/p - Sigmund
Aim: Sigmund, wielding a scythe and wearing a robe (heavily wounded)
You reach to attack!
Your chain mail prevents you from hitting Sigmund.
Sigmund is heavily wounded.
Sigmund gestures at you while chanting.
You are confused.
Sigmund barely misses you.
In your confused state, you trip and fall back down the stairs.
* * * LOW HITPOINT WARNING * * *
Sigmund barely misses you.
In your confused state, you trip and fall back down the stairs.
* * * LOW HITPOINT WARNING * * *
Sigmund barely misses you.
You feel less confused.
Sigmund hits you from afar with a scythe!
You die...

.#≈§#..PPPP...♣
#._§§§.._P@.... .#
.≈##^..PPPP...♣
...######.≈§§...PP.....
.....>..###.#.#.......♣
.##..##...#.#.@........
........@....#........♣
##......###...........
#....(@##...#........
...<.....#..#.#........
..[.......♣.♣..........
....#.....♣.♣..........
....##..#.♣.♣..........
♣.. .#...♣. .(... ..
#...#.♣ ..#. .♣


You could see Sigmund.

Vanquished Creatures
  2 adders (D:1)
  2 dart slugs (D:1)
  5 giant cockroaches (D:1)
  5 goblins (D:1)
  2 hobgoblins (D:1)
  5 bats
  2 kobolds (D:1)
  2 rats
25 creatures vanquished.

Notes
Turn   | Place    | Note
-------+----------+-------------------------------------------
     0 | D:1      | Klosterheim the Demonspawn Warper began the quest for the Orb.
     0 | D:1      | Reached XP level 1. HP: 16/16 MP: 3/3
    97 | D:1      | Reached skill level 2 in Polearms
   339 | D:1      | Gained mutation: You are partially covered in molten scales. (AC +2) [demonic ancestry]
   339 | D:1      | Reached XP level 2. HP: 22/22 MP: 5/5
   879 | D:2      | Found a blossoming altar of Fedhas.
   900 | D:1      | Reached skill level 3 in Polearms
   900 | D:1      | Gained mutation: You are immune to rotting. [demonic ancestry]
   900 | D:1      | Reached XP level 3. HP: 18/28 MP: 6/6
  1147 | D:2      | Found a stormy altar of Qazlal.
  1149 | D:2      | Noticed Sigmund
  1187 | D:2      | Slain by Sigmund

Vault maps used:
D:1:      scummos_arrival_gate, st_stairs_13
D:2:      grunt_temple_overflow_forces_of_nature, nicolae_ru_path_of_blood,
          elyvilon_altar_1, nicolae_overflow_hidden_temple, serial_forest,
          infiniplex_forest_clump_small, infiniplex_forest_lined_room_2,
          infiniplex_forest_lined_room_2, infiniplex_forest_end_3,
          infiniplex_forest_zigzag_2, infiniplex_forest_straight_3,
          infiniplex_forest_side_room, uniq_sigmund, uniq_crazy_yiuf_cottage

Skill      XL: |  1  2 |
---------------+-------+-----
Polearms       | 2 3 |  3.2
Fighting       | |  2.6
Throwing       | |  0.8
Armour         | |  0.8
Dodging        | |  1.7
Spellcasting   | |  2.0
Translocations | |  2.6

Action                   || total
-------------------------++-------
Melee: Spear             ||   130
  Eat: Chunk             ||     1
Armor: Leather armour    ||     5
       Chain mail        ||    67
Dodge: Dodged            ||    38
